Map: Dusty Gorge

Players

NaiJi - Winner!

  • Race: Terran Terran
  • League: Diamond
  • Spawn Location: 11:00

Maverick - Winner!

  • Race: Protoss Protoss
  • League: Silver
  • Spawn Location: 9:00

Massa

  • Race: Terran Terran
  • League: Gold
  • Spawn Location: 3:00

qqq

  • Race: Zerg Zerg
  • League: Platinum
  • Spawn Location: 5:00

VOD

Have the link to the VOD?

Description

Time

  • Played on: June 5, 2020, 12:22 p.m.
  • Length: 18:20
Show
View Real Time Build Order
Export as new Build Order

NaiJi Terran - Winner!

Build Orders:  

Get SALT Encoding   

  12  0:00  SCV  
  13  0:13  SCV  
  14  0:19  Supply Depot  
  14  0:25  SCV  
  15  0:41  SCV  
  16  0:42  Barracks  
  16  0:53  SCV  
  17  1:05  SCV  
  17  1:08  Refinery  
  18  1:17  SCV  
  19  1:29  SCV  
  19  1:30  Marine  
  21  1:32  Supply Depot  
  21  1:39  Barracks  
  21  1:41  SCV  
  22  1:52  Marine  
  23  1:54  SCV  
  23  1:59  Refinery  
  25  2:11  Orbital Command  
  25  2:12  Barracks Reactor  
  24  2:36  Command Center  
  24  2:44  SCV  
  24  2:48  Barracks Tech Lab  
  25  2:52  Factory  
  25  2:56  SCV  
  25  2:57  Marine x2  
  28  3:08  SCV  
  29  3:13  Combat Shield  
  29  3:15  Marine  
  29  3:19  Marine  
  31  3:23  Supply Depot  
  31  3:40  Factory Tech Lab  
  31  3:44  Marine x2  
  31  3:45  SCV, Marauder  
  31  3:47  Supply Depot  
  36  3:57  SCV  
  36  4:00  SCV  
  36  4:02  Marine x2  
  40  4:06  Marine  
  40  4:09  SCV  
  39  4:18  Bunker  
  39  4:21  Marine x2  
  39  4:23  Siege Tank  
  44  4:24  Marine  
  45  4:36  SCV  
  45  4:37  SCV  
  45  4:39  Marine x2  
  45  4:42  Marine  
  48  4:46  Starport  
  48  4:48  SCV  
  49  4:53  SCV  
  49  4:56  Marine  
  51  5:01  SCV  
  51  5:05  SCV  
  52  5:13  SCV  
  53  5:15  Marine x2  
  53  5:16  Marauder  
  53  5:17  SCV  
  58  5:25  SCV  
  59  5:33  Marine x2  
  59  5:37  Marine  
  58  5:50  Marine  
  58  5:51  Marine  
  58  5:54  Marine  
  61  6:04  Viking  
  62  6:13  SCV x2, Marine x2  
  62  6:17  Supply Depot  
  66  6:19  Supply Depot  
  66  6:25  SCV  
  67  6:34  Viking  
  67  6:38  SCV, Orbital Command  
  70  6:40  Siege Tank, Supply Depot  
  70  6:42  Supply Depot  
  70  6:43  Stimpack  
  70  6:44  Marine x2  
  70  6:45  Marauder  
  77  6:50  SCV  
  77  7:02  Marine x2  
  77  7:05  Marine, Engineering Bay  
  77  7:07  Engineering Bay  
  80  7:11  Medivac  
  82  7:16  Siege Tank  
  82  7:18  SCV x2  
  82  7:20  Marine x2  
  82  7:22  Refinery  
  89  7:23  Marine  
  90  7:30  SCV x2  
  92  7:37  Command Center  
  92  7:40  Medivac  
  94  7:45  Marine  
  94  7:46  Marine x2  
  94  7:49  Terran Infantry Armor Level 1, Terran Infantry Weapons Level 1  
  97  7:53  Siege Tank  
  100  8:03  Marine  
  100  8:04  Missile Turret  
  101  8:06  SCV  
  101  8:10  Missile Turret x2, Supply Depot  
  102  8:13  Supply Depot  
  102  8:16  Refinery  
  102  8:21  SCV, Medivac  
  102  8:32  SCV, Supply Depot  
  102  8:33  SCV  
  104  8:34  Marine  
  104  8:35  Marauder, Marine  
  104  8:36  Supply Depot  
  106  8:44  SCV  
  106  8:45  SCV  
  106  8:46  Barracks  
  108  8:53  Missile Turret  
  108  8:56  SCV  
  108  8:57  SCV, Marine x2  
  108  8:59  Marauder, Medivac  
  108  9:01  Concussive Shells  
  116  9:10  SCV  
  116  9:11  SCV  
  116  9:13  Orbital Command  
  118  9:22  SCV  
  118  9:23  SCV  
  118  9:24  Supply Depot  
  120  9:25  Supply Depot  
  120  9:26  Supply Depot x2  
  120  9:28  Supply Depot  
  120  9:32  Starport Reactor  
  120  9:33  Armory  
  120  9:34  Barracks Reactor, Marauder  
  120  9:35  SCV x2  
  120  9:36  Marine  
  125  9:47  SCV  
  126  10:06  SCV x2  
  128  10:18  SCV x2  
  130  10:23  Terran Infantry Armor Level 2, Terran Infantry Weapons Level 2, Supply Depot  
  130  10:24  SCV  
  130  10:25  Supply Depot  
  130  10:28  Missile Turret  
  128  10:45  Supply Depot  
  124  11:10  SCV x2  
  125  11:11  Terran Vehicle And Ship Armor Level 1  
  125  11:13  Marine x4  
  125  11:14  Marine  
  125  11:16  Medivac x2  
  125  11:17  Siege Tank  
  131  11:24  SCV x3  
  126  11:31  Marine x5  
  131  11:36  SCV x3  
  131  11:37  Refinery  
  134  11:40  Refinery  
  134  11:41  Supply Depot  
  134  11:47  Barracks  
  134  11:48  SCV x2, Marine  
  134  11:49  Barracks, Marine, Siege Tank  
  134  11:53  Barracks  
  141  11:54  Command Center  
  141  11:56  Marine x2  
  141  11:58  Marauder  
  141  11:59  Medivac x2  
  149  12:21  Widow Mine  
  144  12:34  Marine x2  
  144  12:35  Marine x2  
  144  12:36  Marauder  
  150  12:37  Medivac x2  
  150  12:38  Barracks Reactor  
  150  12:39  Barracks Reactor  
  143  12:52  Marine x3  
  143  12:57  Marauder  
  148  13:08  Marine x2  
  148  13:10  Marine x2  
  152  13:14  Missile Turret  
  152  13:18  Missile Turret  
  152  13:19  Missile Turret  
  151  13:28  Marine  
  151  13:29  Marine x7  
  151  13:30  Barracks Reactor, Marine  
  160  13:36  Terran Infantry Armor Level 3  
  160  13:37  Terran Infantry Weapons Level 3  
  160  13:46  Terran Vehicle And Ship Armor Level 2, Marine x2  
  162  14:15  SCV x2  
  162  14:16  SCV  
  162  14:17  Marine x7  
  165  14:18  Marine x4  
  165  14:19  Medivac x2  
  180  14:34  Marine  
  180  14:35  Marine x6  
  180  14:36  Marine x4  
  191  14:49  Medivac x2  
  191  14:52  Marine x2  
  178  15:29  Marine x5  
  178  15:30  Marine x6  
  178  15:32  Medivac x2  
  193  15:38  Refinery  
  193  15:40  Refinery  
  193  15:47  Marine x4  
  195  15:59  Marine x2  
  195  16:02  Medivac  
  198  16:13  Neosteel Armor  
  198  16:14  Hi-Sec Auto Tracking  
  197  16:35  Marine x2  
  197  16:36  Marine  
  200  16:45  Starport x2  
  200  16:46  Starport  
  199  16:47  Planetary Fortress  
  199  16:51  Missile Turret  
  199  16:52  Missile Turret  
  197  16:55  Missile Turret  
  197  16:56  Missile Turret  
  190  17:16  Missile Turret  
  190  17:23  Starport  
  190  17:25  Starport  
  190  17:26  Starport  
  162  18:04  Starport Reactor x5  
  162  18:05  Starport Reactor  
Show
View Real Time Build Order
Export as new Build Order

Maverick Protoss - Winner!

Build Orders:  

Get SALT Encoding   

  12  0:02  Probe  
  13  0:17  Pylon  
  13  0:49  Gateway  
  12  1:12  Pylon  
  12  1:22  Probe  
  13  1:25  Forge  
  13  1:34  Probe  
  14  1:47  Probe  
  15  1:59  Probe  
  16  2:10  Photon Cannon, Zealot (Chrono Boost)  
  18  2:28  Zealot (Chrono Boost)  
  20  3:03  Gateway  
  20  3:05  Cybernetics Core  
  20  3:14  Photon Cannon  
  20  3:18  Pylon  
  20  3:21  Photon Cannon  
  20  3:34  Assimilator  
  20  3:38  Assimilator  
  20  3:42  Probe  
  21  3:54  Probe  
  22  4:06  Probe  
  23  4:18  Probe  
  24  4:28  Photon Cannon  
  24  4:29  Photon Cannon  
  24  4:30  Probe, Photon Cannon  
  25  4:31  Photon Cannon  
  25  4:35  Photon Cannon x2  
  25  4:36  Pylon  
  25  5:15  Stalker  
  26  5:40  Forge  
  24  5:42  Gateway  
  24  6:12  Photon Cannon  
  24  6:13  Photon Cannon  
  24  6:15  Pylon  
  24  6:18  Pylon  
  24  6:22  Pylon  
  24  6:42  Shield Battery  
  24  6:45  Nexus  
  24  6:48  Shield Battery  
  24  6:51  Shield Battery  
  25  7:15  Probe (Chrono Boost)  
  25  7:25  Probe (Chrono Boost)  
  25  7:26  Stalker x2  
  30  7:30  Probe (Chrono Boost)  
  31  7:54  Robotics Facility  
  31  8:41  Twilight Council  
  31  8:43  Immortal  
  35  8:48  Warp Gate  
  35  9:15  Stalker  
  37  9:20  Stalker  
  37  9:22  Immortal  
  43  9:45  Zealot  
  45  9:50  Zealot  
  41  10:21  Probe (Chrono Boost)  
  42  10:31  Probe (Chrono Boost)  
  42  10:33  Probe (Chrono Boost)  
  44  10:36  Probe (Chrono Boost)  
  44  10:41  Probe  
  46  10:47  Probe  
  46  10:49  Blink  
  47  10:52  Immortal  
  47  10:53  Probe  
  52  10:59  Probe  
  52  11:01  Stalker x2  
  57  11:05  Probe  
  58  11:17  Probe  
  45  11:44  Stalker x2  
  49  12:17  Warp Prism  
  51  12:50  Charge  
  33  13:16  Observer  
  34  13:20  Stalker x2  
  38  13:37  Immortal  
  42  14:05  Stalker  
  42  14:06  Stalker  
  46  14:26  Gateway  
  46  14:28  Gateway  
  46  14:31  Gateway  
  46  14:32  Pylon  
  46  14:35  Pylon  
  46  14:37  Pylon  
  46  14:40  Immortal  
  50  14:58  Photon Cannon  
  50  15:00  Photon Cannon  
  50  15:04  Photon Cannon  
  50  15:07  Photon Cannon  
  50  15:13  Photon Cannon  
  50  16:06  Nexus  
  50  16:08  Stalker x2  
  50  16:09  Stalker x3  
  60  16:29  Stargate  
  60  16:30  Stargate  
  60  16:31  Pylon  
  60  16:48  Pylon, Immortal  
  60  16:51  Pylon  
  64  16:55  Pylon  
  64  17:17  Probe  
  65  17:26  Phoenix x2 (Chrono Boost)  
  70  17:30  Probe  
  70  17:42  Probe, Phoenix x2 (Chrono Boost)  
  75  17:54  Probe  
  76  18:03  Phoenix (Chrono Boost)  
  80  18:06  Probe  
Show
View Real Time Build Order
Export as new Build Order

Massa Terran 

Build Orders:  

Get SALT Encoding   

  12  0:11  Supply Depot  
  12  0:13  SCV  
  13  0:25  SCV  
  14  0:37  SCV  
  15  0:49  SCV  
  16  1:01  SCV  
  16  1:13  SCV  
  17  1:30  SCV  
  18  1:38  Barracks  
  18  1:47  Refinery  
  18  1:54  Barracks  
  18  1:58  Supply Depot  
  18  2:06  SCV  
  19  2:18  SCV  
  20  2:25  Marine  
  20  2:26  Barracks  
  21  2:30  SCV  
  22  2:43  Marine  
  22  2:53  Orbital Command  
  22  3:01  Marine  
  23  3:05  Command Center  
  23  3:17  Factory, Marine  
  23  3:19  Marine  
  25  3:27  Bunker  
  25  3:33  Marine  
  26  3:34  Marine  
  26  3:36  SCV  
  26  3:37  Marine  
  29  3:48  SCV  
  30  3:50  Supply Depot  
  30  3:52  Marine  
  31  4:07  Marine  
  31  4:08  SCV  
  31  4:11  Marine  
  31  4:21  Engineering Bay  
  31  4:25  Marine  
  31  4:29  Marine  
  33  4:37  Factory Tech Lab  
  32  4:43  Marine  
  32  4:50  Barracks  
  32  4:58  Siege Tank  
  35  5:17  Marine x2  
  37  5:35  Marine x2  
  27  6:03  Marine  
  24  6:10  Barracks x2  
  24  6:12  Barracks x2  
  24  6:13  SCV  
  24  6:16  Orbital Command  
  25  6:21  Refinery, Marine  
  25  6:25  SCV  
  27  6:37  SCV  
  27  6:39  Marine x2  
  30  6:42  Marine  
  31  6:49  SCV x2  
  33  6:57  Marine x2  
  33  7:00  Marine  
  33  7:01  SCV x2, Factory, Marine x4  
  37  7:08  Supply Depot  
  42  7:13  SCV x2  
  42  7:15  Marine x2  
  46  7:18  Marine  
  46  7:19  Marine x2  
  50  7:23  Barracks Tech Lab  
  50  7:25  Barracks Reactor, SCV  
  50  7:32  SCV, Marine  
  50  7:33  Marine  
  50  7:36  Marine  
  54  7:37  SCV, Marine x2  
  54  7:38  Command Center  
  57  7:44  SCV  
  57  7:45  Factory Tech Lab  
  57  7:49  SCV  
  57  7:50  Starport, Marine x2  
  61  7:52  Terran Infantry Weapons Level 1  
  61  7:53  Marine  
  62  8:06  Combat Shield  
  62  8:14  Supply Depot  
  62  8:18  Supply Depot  
  62  8:20  Supply Depot  
  62  8:23  Missile Turret  
  62  8:27  Supply Depot  
  62  8:35  SCV x2, Siege Tank  
  67  8:44  Missile Turret, Medivac  
  67  8:47  SCV x2  
  71  8:59  SCV x2  
  73  9:04  Ghost Academy  
  73  9:11  SCV x2  
  73  9:14  Medivac  
  77  9:20  Orbital Command  
  77  9:23  SCV x2  
  79  9:36  SCV x2  
  79  9:37  Siege Tank  
  84  9:46  Marine x2  
  84  9:48  SCV  
  87  10:04  Marine x2  
  71  10:19  Marauder  
  71  10:20  Marine x5  
  68  10:32  Engineering Bay  
  65  10:37  Marine  
  65  10:38  Marine x3  
  65  10:41  Siege Tank  
  72  10:46  Marine  
  72  10:56  Marine x3  
  73  11:00  Orbital Command  
  68  11:04  Marine  
  68  11:10  Missile Turret x2  
  69  11:11  Missile Turret  
  66  11:22  Marine  
  67  11:38  Orbital Command  
  67  11:44  Refinery  
  67  11:45  Refinery  
  68  11:48  Marine x2  
  68  11:53  Barracks Tech Lab  
  70  11:55  Barracks Reactor  
  70  11:58  Siege Tank  
  72  12:02  Missile Turret  
  72  12:04  Missile Turret  
  72  12:08  SCV x3  
  73  12:10  Command Center  
  75  12:20  SCV x3  
  78  12:26  Missile Turret  
  78  12:32  SCV x3  
  75  12:44  SCV  
  75  12:45  SCV x2  
  62  12:56  SCV  
  62  12:57  SCV x2  
  52  13:02  Marauder, Marine x3  
  52  13:03  Marine  
  54  13:06  Siege Tank  
  57  13:16  SCV  
  57  13:18  SCV x2  
  60  13:20  Marine x4  
  60  13:23  Marauder  
  60  13:26  SCV  
  67  13:28  SCV  
  67  13:30  Refinery, SCV x2  
  67  13:33  Refinery  
  70  13:36  Refinery  
  70  13:38  SCV, Marine, Medivac  
  70  13:40  SCV  
  75  13:42  SCV x2  
  75  13:45  Marauder  
  79  13:50  SCV  
  79  13:52  SCV  
  79  13:54  SCV x2  
  83  14:02  SCV  
  84  14:04  SCV  
  84  14:06  SCV x2, Marauder  
  84  14:08  Medivac  
  91  14:13  Barracks  
  91  14:14  SCV  
  91  14:17  SCV  
  93  14:18  SCV, Barracks  
  93  14:19  SCV  
  93  14:24  Barracks Reactor  
  95  14:25  Barracks Tech Lab  
  95  14:26  Marine x2  
  95  14:28  Marauder  
  95  14:29  SCV  
  89  14:48  Marine x2  
  89  14:51  Marauder  
  84  15:01  Supply Depot  
  84  15:06  Marine  
  85  15:12  Barracks Reactor x2  
  85  15:22  Marine  
  85  15:23  Marauder x2, Supply Depot  
  85  15:24  Marine  
  67  15:35  Marine  
  67  15:36  Marine  
  67  15:40  Marine  
  67  15:42  Marine  
  74  15:44  Marauder  
  74  15:46  Medivac, Supply Depot  
  74  15:48  Factory  
  75  15:53  Marine  
  68  15:58  Marine  
  68  15:59  Marine  
  68  16:01  Marine x2  
  68  16:02  Marine x2  
  73  16:05  Marine  
  73  16:06  Marine  
  73  16:09  Supply Depot  
  70  16:15  Marine  
  70  16:16  Medivac  
  70  16:17  Marine  
  64  16:19  Marine x4  
  64  16:23  Marine  
  64  16:24  Marine  
  50  16:37  Marine x4  
  54  16:42  Barracks  
  54  16:53  Supply Depot  
  54  17:00  Supply Depot x2  
  53  17:01  Supply Depot  
  53  17:02  Supply Depot  
  47  17:12  Barracks  
  47  17:16  Supply Depot  
  47  17:21  Marine x8  
  55  17:23  Supply Depot  
  55  17:28  Factory  
  55  17:30  Barracks  
  55  17:32  Missile Turret  
  55  17:36  SCV  
  56  17:38  SCV, Supply Depot  
  56  17:39  Marine x8  
  65  17:47  Refinery  
  65  17:48  SCV  
  65  17:50  SCV  
  67  17:52  Missile Turret  
  67  17:57  Marine x8  
  75  18:00  SCV  
  75  18:02  SCV, Supply Depot  
  77  18:13  Missile Turret  
  77  18:17  Command Center  
Show
View Real Time Build Order
Export as new Build Order

qqq Zerg 

Build Orders: Hatch First 

Get SALT Encoding   

  12  0:02  Drone  
  13  0:17  Drone  
  14  1:07  Hatchery  
  13  1:13  Spawning Pool  
  13  1:14  Drone, Overlord  
  13  1:15  Drone  
  14  1:32  Overlord  
  14  1:51  Drone x2  
  16  2:05  Zergling x2  
  17  2:10  Hatchery  
  16  2:16  Zergling x2  
  16  2:19  Queen  
  16  2:22  Zergling x2  
  20  2:31  Zergling x2  
  20  2:33  Zergling x4  
  23  2:47  Drone  
  24  3:05  Spine Crawler  
  24  3:07  Spine Crawler  
  24  3:08  Queen  
  24  3:10  Drone, Zergling x2  
  24  3:11  Drone  
  24  3:12  Drone, Zergling x2  
  29  3:29  Spine Crawler  
  28  3:44  Queen  
  30  4:08  Zergling x4  
  30  4:09  Zergling x6  
  36  4:34  Queen  
  30  4:55  Zergling x6  
  24  5:10  Spine Crawler  
  23  5:19  Queen  
  25  5:36  Drone x3  
  25  5:40  Drone  
  25  5:41  Drone  
  30  5:44  Hatchery  
  29  5:54  Queen  
  31  6:01  Hatchery  
  30  6:15  Spine Crawler  
  30  6:18  Spine Crawler  
  28  6:30  Queen  
  30  6:47  Extractor  
  29  7:06  Queen  
  29  7:07  Drone  
  29  7:08  Zergling x4  
  34  7:16  Drone x2  
  34  7:18  Drone x2  
  34  7:19  Overlord x2  
  34  7:21  Zergling x2  
  39  7:33  Spore Crawler  
  38  7:40  Drone x4  
  42  7:53  Drone x2  
  42  7:58  Drone x3  
  47  8:02  Extractor  
  38  8:27  Queen  
  38  8:29  Zergling x2  
  38  8:30  Zergling x4  
  42  8:36  Spine Crawler  
  42  8:39  Spine Crawler  
  42  8:41  Drone x6  
  43  8:42  Overlord  
  43  8:46  Lair  
  45  8:50  Zergling x4  
  47  9:15  Queen  
  47  9:16  Zergling x6  
  52  9:17  Drone x4  
  52  9:18  Drone x2  
  52  9:19  Zergling x4  
  52  9:20  Zergling x2  
  52  9:22  Metabolic Boost  
  61  9:36  Drone x2  
  63  9:38  Extractor  
  63  9:40  Extractor  
  59  9:52  Drone x2  
  61  9:53  Drone x2  
  61  9:54  Drone  
  61  9:55  Zergling x4  
  66  10:03  Spire  
  66  10:06  Infestation Pit  
  64  10:22  Spine Crawler  
  64  10:26  Zergling x6  
  64  10:28  Zergling x12  
  72  10:40  Overlord x2  
  72  10:41  Overlord  
  72  10:51  Queen  
  72  11:04  Drone x4  
  62  11:40  Drone x2  
  62  11:41  Drone  
  62  11:43  Queen  
  67  11:47  Mutalisk x2  
  67  11:48  Mutalisk x4  
  79  12:01  Hive  
  79  12:08  Drone  
  79  12:09  Drone x4, Mutalisk  
  65  12:34  Drone  
  65  12:36  Overlord  
  65  12:37  Overlord x2  
  62  12:50  Overlord  
  58  13:08  Mutalisk  
  58  13:09  Mutalisk x4  
  58  13:10  Mutalisk  
  70  13:25  Mutalisk  
  70  13:26  Mutalisk  
  72  13:34  Drone x5  
  72  13:35  Extractor  
  76  13:45  Spine Crawler  
  76  13:46  Spine Crawler  
  76  13:47  Hatchery  
  76  13:48  Drone, Spine Crawler  
  73  13:49  Spine Crawler x2  
  73  13:52  Mutalisk x2  
  75  13:55  Greater Spire  
  75  13:58  Overlord  
  75  13:59  Zergling x4  
  75  14:00  Zergling x2  
  78  14:09  Hatchery  
  77  14:10  Hatchery  
  77  14:11  Hatchery  
  75  14:18  Extractor  
  75  14:20  Corruptor x2  
  75  14:21  Corruptor  
  80  14:35  Overlord  
  80  14:36  Corruptor x2  
  85  14:38  Zergling x4  
  85  14:39  Zergling x2  
  69  15:11  Corruptor x2  
  69  15:12  Mutalisk x2  
  69  15:13  Mutalisk  
  75  15:20  Drone  
  75  15:21  Drone  
  77  15:25  Drone x3  
  77  15:26  Drone  
  77  15:28  Brood Lord  
  83  15:41  Drone x2  
  85  15:43  Brood Lord  
  85  15:44  Brood Lord  
  85  15:46  Zergling x2  
  85  15:47  Zergling x10  
  95  16:00  Brood Lord  
  95  16:15  Brood Lord x2  
  99  16:21  Drone x3  
  99  16:24  Extractor, Zergling x2  
  99  16:25  Extractor, Zergling x14  
  108  16:35  Brood Lord  
  110  16:45  Corruptor x3  
  100  17:07  Corruptor x4  
  107  17:10  Zergling x4  
  107  17:11  Zergling x6  
  98  17:35  Corruptor x2  
  98  17:36  Corruptor x2  
  93  17:46  Corruptor  
  93  17:47  Corruptor  
  96  18:01  Zergling x2  
  96  18:02  Drone, Zergling x6  
  96  18:03  Drone x2  
Tags
 
Add a new tag
Caveats
  • Supply blocks, unpowered buildings, or Contaminate may cause inaccurate times.
  • Supply counts are checked every 10 seconds.